Map: Automaton LE

Players

uThermal - Winner!

  • Race: Terran Terran
  • Spawn Location: 3:00

Rex

  • Race: Zerg Zerg
  • Spawn Location: 9:00

Event: 2019 WCS Spring

VOD

Have the link to the VOD?

Description

Time

  • Played on: May 17, 2019, 2:25 p.m.
  • Length: 14:15

All games in this series

Show
View Real Time Build Order
Export as new Build Order

uThermal Terran - Winner!

Build Orders: Reaper Expand, Hellion Banshee 

Get SALT Encoding   

  12  0:01  SCV  
  13  0:13  SCV  
  14  0:17  Supply Depot  
  14  0:26  SCV  
  15  0:39  SCV  
  15  0:40  Barracks  
  16  0:45  Refinery  
  16  0:51  SCV  
  17  1:03  SCV  
  18  1:15  SCV  
  19  1:28  Reaper, Orbital Command  
  20  1:42  Command Center  
  20  1:53  Supply Depot  
  20  1:54  SCV  
  21  1:59  Marine  
  22  2:06  SCV  
  23  2:11  Factory  
  23  2:18  SCV, Refinery  
  23  2:22  Barracks Reactor  
  24  2:30  SCV  
  25  2:42  SCV  
  26  2:55  Orbital Command  
  26  2:56  Starport  
  26  2:58  SCV  
  27  3:03  Hellion  
  27  3:04  Hellion, Barracks Tech Lab  
  31  3:10  SCV  
  32  3:21  SCV  
  32  3:22  SCV  
  32  3:25  Hellion  
  32  3:26  Hellion  
  38  3:33  SCV  
  39  3:34  SCV  
  39  3:39  Viking, Cloaking Field  
  42  3:47  Supply Depot  
  42  3:48  SCV  
  43  3:50  Hellion  
  43  3:51  Hellion  
  46  3:57  Supply Depot  
  46  4:08  SCV x2  
  48  4:10  Banshee, Supply Depot  
  51  4:18  Barracks Tech Lab  
  51  4:21  SCV x2  
  51  4:24  Factory Reactor  
  53  4:29  Command Center  
  53  4:33  SCV x2  
  53  4:36  Marine  
  53  4:37  Stimpack  
  56  4:46  Barracks  
  56  4:47  SCV, Barracks  
  56  4:49  SCV  
  58  5:03  Engineering Bay  
  58  5:04  SCV  
  58  5:05  Engineering Bay, Refinery x2  
  59  5:08  Marine  
  59  5:09  SCV  
  59  5:11  Starport Reactor  
  64  5:14  Siege Tank  
  64  5:16  SCV  
  64  5:20  Supply Depot  
  64  5:21  SCV  
  66  5:28  SCV  
  66  5:29  Marine  
  66  5:31  Terran Infantry Weapons Level 1, Terran Infantry Armor Level 1  
  66  5:34  SCV  
  69  5:39  Marine  
  69  5:41  Marine  
  71  5:43  Orbital Command  
  71  5:46  Siege Tank  
  71  5:47  Marine  
  71  5:48  Marine  
  71  5:49  Marine  
  77  5:53  SCV  
  77  5:55  SCV  
  79  5:57  Medivac, Marine  
  79  5:58  Marine  
  79  6:00  Medivac  
  85  6:04  Supply Depot  
  85  6:05  SCV, Marine  
  85  6:07  Orbital Command  
  85  6:08  SCV  
  88  6:17  SCV, Marine, Barracks  
  88  6:18  Barracks  
  90  6:19  Marine  
  90  6:24  Armory  
  91  6:27  Supply Depot, Marine  
  91  6:28  Marine  
  91  6:29  SCV  
  91  6:31  SCV  
  95  6:35  Supply Depot  
  95  6:36  SCV, Marine  
  95  6:37  Marine  
  95  6:38  Marine  
  96  6:43  SCV  
  96  6:44  Marine  
  96  6:46  Combat Shield  
  98  6:48  SCV  
  98  6:50  Marine  
  98  6:53  SCV  
  98  6:54  Supply Depot  
  101  6:55  Marine x2  
  101  6:58  Siege Tank, Supply Depot  
  101  6:59  Marine  
  101  7:00  SCV  
  101  7:01  SCV  
  109  7:04  Marine  
  109  7:06  Barracks Reactor x2  
  109  7:08  Supply Depot  
  110  7:11  SCV  
  110  7:15  SCV  
  112  7:18  Medivac  
  112  7:19  Marine x2  
  112  7:21  SCV, Marine x2  
  112  7:22  Marine  
  120  7:25  Medivac  
  122  7:33  Barracks x2  
  122  7:34  Barracks  
  122  7:36  Siege Tank  
  125  7:37  Marine x2  
  125  7:38  Terran Infantry Weapons Level 2  
  125  7:43  Terran Infantry Armor Level 2  
  127  7:46  Marine x3  
  127  7:50  Terran Vehicle Weapons Level 1, Supply Depot  
  130  7:53  Supply Depot, Marine  
  130  7:55  Marine x2  
  130  7:56  Marine  
  134  7:59  Medivac, Marine  
  134  8:03  Missile Turret  
  134  8:04  Marine x2  
  139  8:07  Missile Turret, Marine  
  139  8:08  Supply Depot  
  139  8:10  Marine  
  139  8:12  Supply Depot  
  141  8:13  Marine x2  
  141  8:16  Siege Tank, Marine  
  147  8:23  Marine x2  
  148  8:28  Medivac, Marine x2  
  148  8:31  Supply Depot  
  148  8:32  Supply Depot  
  148  8:33  Marine  
  153  8:35  Medivac  
  153  8:40  Marine  
  153  8:41  Marine  
  156  8:45  Supply Depot  
  156  8:48  Marine  
  158  8:49  Marine  
  158  8:55  Command Center, Marine x2  
  159  8:58  Medivac  
  159  8:59  Marine  
  159  9:00  Marine x2  
  166  9:05  Medivac, Marine  
  169  9:12  Marine x2  
  169  9:15  Siege Tank, Marine x2  
  175  9:18  Marine x2  
  175  9:20  Marine x2  
  175  9:21  Sensor Tower, Marine  
  180  9:24  Supply Depot  
  180  9:26  Marine  
  180  9:28  Marine  
  180  9:30  Command Center, Marine x2  
  182  9:32  Marine  
  182  9:33  Marine x2  
  185  9:40  Medivac  
  185  9:41  Marine  
  185  9:43  Marine x2  
  190  9:46  Marine  
  190  9:48  Barracks Reactor x3  
  190  9:52  Siege Tank  
  194  9:53  Marine  
  194  9:54  Factory  
  194  9:57  Marine  
  194  10:02  Marine x2  
  196  10:09  Marine  
  197  10:16  Planetary Fortress  
  197  10:19  Marine  
  198  10:27  Marine  
  199  10:30  Marine  
  200  10:37  Terran Infantry Weapons Level 3  
  200  10:42  Command Center  
  200  10:50  Factory Tech Lab  
  200  11:05  Terran Infantry Armor Level 3  
  200  11:08  Refinery  
  200  11:09  Command Center  
  200  11:10  Refinery  
  200  11:35  Marine x2  
  200  11:36  Marine  
  200  11:38  Marine x4  
  192  11:41  Marine x3  
  192  11:42  Siege Tank  
  192  11:46  Siege Tank, Marine  
  198  11:47  Marine  
  198  11:48  Marine x2  
  198  11:54  Medivac, Marine  
  194  11:55  Marine  
  194  11:58  SCV  
  194  11:59  Marine  
  194  12:00  Marine  
  200  12:06  Planetary Fortress  
  200  12:07  SCV  
  198  12:21  Medivac, Marine  
  169  12:23  Marine  
  169  12:25  Siege Tank, Marine x2  
  169  12:27  SCV  
  145  12:31  Marine x2  
  145  12:32  Marine  
  145  12:33  Planetary Fortress, Marine  
  145  12:34  SCV, Marine x2  
  145  12:35  Siege Tank  
  153  12:38  SCV, Marine x2  
  153  12:42  SCV, Marine  
  158  12:44  Marine x3  
  158  12:45  Marine  
  158  12:46  Marine  
  158  12:48  SCV  
  158  12:49  Marine  
  158  12:51  SCV  
  166  12:53  Marine  
  166  12:54  SCV x3, Marine  
  166  12:55  Marine  
  166  12:56  Marine  
  166  12:57  Siege Tank, Marine  
  177  12:59  Marine x2  
  177  13:00  Marine  
  177  13:03  SCV  
  181  13:07  Siege Tank, Marine  
  185  13:17  Marine x2  
  185  13:18  Marauder  
  185  13:19  Marine  
  190  13:21  Viking x2  
  190  13:24  Marine x2  
  196  13:27  Marine  
  196  13:28  Marine  
  196  13:29  Siege Tank  
  199  13:36  Marine  
  199  13:37  Marine x2  
  198  13:49  Marine  
Show
View Real Time Build Order
Export as new Build Order

Rex Zerg 

Build Orders: Hatch First 

Get SALT Encoding   

  12  0:00  Drone  
  13  0:13  Overlord  
  13  0:18  Drone  
  14  0:31  Drone x2  
  16  0:49  Hatchery  
  15  0:52  Drone  
  15  0:56  Drone  
  17  1:00  Drone  
  18  1:10  Extractor  
  17  1:15  Spawning Pool  
  17  1:18  Drone  
  17  1:22  Drone  
  18  1:29  Drone  
  19  1:39  Drone  
  20  1:51  Overlord  
  20  2:01  Queen x2  
  20  2:02  Zergling x4  
  26  2:14  Metabolic Boost  
  26  2:18  Drone x2  
  28  2:23  Drone x2  
  30  2:31  Spore Crawler  
  30  2:35  Spore Crawler  
  30  2:45  Queen, Drone  
  30  2:49  Drone x2  
  34  2:51  Drone  
  34  2:54  Drone  
  36  3:01  Overlord  
  36  3:15  Hatchery  
  36  3:16  Drone  
  36  3:21  Drone x3  
  36  3:22  Drone  
  36  3:26  Queen  
  42  3:30  Overlord  
  42  3:31  Drone  
  42  3:33  Drone  
  44  3:49  Drone  
  44  3:50  Drone x4  
  44  3:55  Lair  
  49  3:59  Drone  
  49  4:00  Overlord, Drone  
  49  4:01  Overlord  
  51  4:09  Overlord  
  51  4:15  Overlord  
  51  4:17  Overlord  
  51  4:18  Queen  
  51  4:20  Zergling x6  
  56  4:25  Drone  
  56  4:26  Spore Crawler  
  56  4:29  Zergling x4  
  58  4:32  Queen  
  58  4:33  Drone  
  58  4:37  Drone x2  
  63  4:39  Drone x2  
  63  4:43  Drone  
  66  4:48  Spore Crawler  
  66  4:50  Zergling x4  
  66  4:51  Zergling x6  
  70  4:58  Spore Crawler  
  69  5:01  Drone  
  69  5:03  Overseer  
  69  5:04  Drone  
  69  5:05  Queen  
  73  5:10  Drone x2, Baneling Nest  
  73  5:11  Drone x2  
  73  5:12  Drone  
  73  5:13  Drone  
  78  5:15  Drone  
  78  5:19  Drone x2  
  78  5:20  Drone  
  82  5:21  Overlord  
  82  5:25  Overlord  
  82  5:26  Drone  
  82  5:27  Drone  
  84  5:28  Extractor  
  84  5:34  Overlord x2  
  83  5:39  Extractor, Overseer, Drone  
  83  5:41  Drone x3  
  85  5:43  Drone x2  
  85  5:47  Drone  
  85  5:48  Drone x2  
  85  5:49  Drone  
  91  5:50  Drone x2  
  91  5:51  Drone x2  
  91  5:52  Extractor  
  91  5:54  Extractor  
  91  5:56  Drone  
  94  5:58  Centrifical Hooks, Drone  
  94  6:00  Drone  
  96  6:06  Drone  
  96  6:08  Hydralisk Den, Drone  
  96  6:09  Evolution Chamber, Drone  
  96  6:11  Evolution Chamber  
  96  6:21  Overlord  
  96  6:22  Overlord  
  96  6:29  Hatchery, Zergling x6  
  96  6:32  Hatchery  
  97  6:40  Zergling x18  
  97  6:43  Zerg Melee Weapons Level 1  
  97  6:45  Grooved Spines  
  97  6:46  Zerg Ground Armor Level 1  
  106  6:54  Overlord  
  106  6:56  Overlord  
  106  6:59  Baneling x8  
  106  7:00  Overlord  
  106  7:02  Zergling x2  
  106  7:03  Zergling x10  
  106  7:06  Overlord  
  112  7:14  Hatchery  
  111  7:22  Hydralisk x8  
  127  7:31  Hydralisk  
  127  7:34  Overlord  
  127  7:35  Overlord  
  129  7:47  Overlord, Drone x7  
  129  7:48  Hatchery  
  129  7:49  Overlord  
  134  7:54  Infestation Pit  
  134  7:57  Muscular Augments  
  133  8:04  Zergling x18  
  142  8:12  Overlord  
  142  8:13  Overlord x2  
  142  8:16  Overlord x2  
  142  8:17  Hydralisk x2  
  143  8:27  Zergling x14  
  149  8:37  Baneling  
  149  8:38  Baneling x19  
  149  8:43  Zergling x18  
  157  8:50  Zerg Ground Armor Level 2  
  157  8:54  Zerg Melee Weapons Level 2  
  157  9:03  Hydralisk x2, Zergling x2  
  157  9:04  Zergling x10  
  157  9:06  Baneling x2  
  164  9:14  Hive  
  161  9:19  Zergling x4  
  161  9:20  Zergling x16  
  168  9:33  Drone x4  
  168  9:35  Extractor  
  169  9:47  Baneling, Burrow  
  169  9:48  Baneling x11  
  169  9:50  Hatchery  
  167  10:06  Zergling x22  
  178  10:07  Baneling x4  
  178  10:08  Baneling x8  
  178  10:12  Zergling x4  
  178  10:13  Zergling x14  
  184  10:29  Swarm Host, Viper  
  184  10:32  Zergling x10  
  184  10:33  Zergling x8  
  190  10:47  Zergling x2  
  190  10:48  Zergling x16  
  190  10:49  Baneling  
  199  10:50  Baneling x6  
  199  10:55  Hatchery  
  199  10:57  Zergling x6  
  197  11:02  Ultralisk Cavern  
  192  11:05  Viper  
  192  11:24  Zergling x14  
  195  11:39  Zergling x8  
  189  11:40  Zergling x16  
  189  11:41  Hydralisk x4  
  189  11:45  Hydralisk  
  189  11:49  Chitinous Plating  
  189  11:54  Hydralisk x2  
  170  11:55  Zergling x4  
  171  12:03  Zergling x2  
  171  12:04  Zergling x8  
  133  12:23  Viper x3  
  133  12:29  Zergling x4  
  134  12:30  Zergling x12  
  134  12:34  Zergling x2  
  134  12:35  Zergling x2  
  138  12:39  Extractor  
  138  12:40  Extractor, Drone  
  138  12:41  Extractor  
  138  12:43  Hatchery, Zergling x6  
  138  12:50  Hatchery  
  137  12:59  Zergling x24  
  148  13:06  Zergling x6  
  148  13:07  Anabolic Synthesis  
  129  13:18  Ultralisk  
  129  13:19  Zergling x2  
  112  13:30  Ultralisk, Zergling x2  
  112  13:31  Zergling x12  
  121  13:42  Baneling x9  
  121  13:46  Zergling x6  
  121  13:47  Zergling x6  
Tags
 
Add a new tag
Caveats
  • Supply blocks, unpowered buildings, or Contaminate may cause inaccurate times.
  • Supply counts are checked every 10 seconds.